AoeStats
← die trying

MegaRandom

506860576Analyzed
1v1 RM · 16d ago on Sep 15, 2026· 52m 38s· 2 players
Game mode
Random Map
Map size
Tiny (2 player)
Population
200
Speed
Normal
Resources
Standard
Victory
Conquest
Starting age
Dark Age
Ending age
Imperial Age
RankedLock teamsTeams togetherTeam positionsShared explorationLock speedFull tech treeHidden civsTurbo modeCheats
Victory
Defeat
🇨🇴 Mongols · Colombia
1797
+20
🇨🇱 Mongols · Chile
1880
-20
WryPig
6:28 Loom
11:32 Feudal Age
15:16 Castle Age
15:31 Fletching
21:52 Double-Bit Axe
23:56 Elite Skirmisher
25:42 Bodkin Arrow
27:00 Town Watch
29:16 Padded Archer Armor
30:33 Wheelbarrow
30:56 Ballistics
31:31 Medium Warships
38:22 Imperial Age
37:37 Leather Archer Armor
39:33 Parthian Tactics
39:18 Bracer
40:56 Chemistry
43:15 Thumb Ring
51:08 Masonry
die trying
4:55 Loom
9:04 Feudal Age
9:06 Man-at-Arms
12:41 Double-Bit Axe
13:35 Fletching
22:05 Castle Age
21:25 Padded Archer Armor
23:29 Bloodlines
23:20 Husbandry
24:01 Bow Saw
23:32 Horse Collar
23:50 Bodkin Arrow
24:47 Leather Archer Armor
27:29 Town Watch
29:30 Wheelbarrow
37:30 Imperial Age
38:16 Elite Mangudai
39:49 Conscription
40:35 Chemistry
40:21 Bracer
40:53 Light Cavalry
42:27 Scale Barding Armor
42:33 Forging
46:22 Chain Barding Armor
45:59 Hussar
48:09 Iron Casting
Connection lost

Rejoining the realm…

Still unreachable

The connection could not be restored.

Session expired

The server has moved on; the page needs a fresh start.